Map: Eternal Empire LE

Players

IIIIIIIIIIII

  • Race: Zerg Zerg
  • League: Master
  • Spawn Location: 7:00

lIlIlIlIlIlI - Winner!

  • Race: Terran Terran
  • League: Master
  • Spawn Location: 1:00

VOD

Have the link to the VOD?

Description

Alex007 testing new patch and gives us new ideas about builds. Thank you :)

Time

  • Played on: Dec. 4, 2019, 5:36 p.m.
  • Length: 18:30
Show
View Real Time Build Order
Export as new Build Order

IIIIIIIIIIII Zerg 

Build Orders: Hatch First 

Get SALT Encoding   

  12  0:01  Drone  
  13  0:12  Overlord  
  13  0:17  Drone  
  14  0:30  Drone x2  
  16  0:48  Hatchery  
  15  0:52  Drone  
  15  0:56  Drone  
  17  0:58  Drone  
  18  1:09  Extractor  
  17  1:15  Spawning Pool  
  17  1:17  Drone  
  17  1:21  Drone  
  18  1:29  Drone  
  19  1:39  Drone  
  20  1:48  Overlord  
  20  2:02  Queen x2  
  20  2:03  Zergling x4  
  26  2:11  Drone x2  
  28  2:27  Hatchery  
  27  2:30  Metabolic Boost  
  27  2:35  Drone  
  28  2:39  Spore Crawler  
  27  2:46  Drone  
  27  2:49  Drone x2  
  30  2:55  Queen  
  32  3:01  Pneumatized Carapace  
  32  3:05  Overlord  
  32  3:16  Drone x3  
  35  3:26  Drone  
  36  3:27  Drone x4  
  36  3:32  Queen  
  42  3:41  Drone x2  
  42  3:43  Queen  
  42  3:46  Zergling x2  
  42  3:47  Zergling x2  
  48  3:51  Overlord  
  48  4:08  Queen  
  50  4:13  Zergling x8  
  54  4:17  Overlord x2  
  54  4:22  Roach Warren  
  53  4:34  Overlord  
  53  4:35  Queen  
  55  4:40  Drone x6  
  55  4:41  Drone  
  62  4:47  Drone x3  
  62  4:49  Overlord x2  
  65  4:54  Drone x3  
  68  5:04  Spore Crawler x2  
  68  5:05  Spore Crawler  
  68  5:06  Drone x3  
  68  5:11  Queen  
  70  5:17  Queen  
  72  5:23  Roach x4  
  80  5:36  Overlord  
  80  5:37  Overlord x2  
  80  5:49  Drone x9  
  89  5:53  Extractor x2  
  89  5:56  Overlord  
  89  5:57  Overlord  
  87  6:07  Drone  
  88  6:19  Lair  
  88  6:22  Hatchery  
  88  6:23  Evolution Chamber x2  
  85  6:27  Roach x9  
  85  6:28  Roach x3  
  106  6:50  Drone x3  
  106  6:51  Extractor, Drone x2  
  106  6:53  Drone  
  110  6:54  Zerg Ground Armor Level 1, Zerg Missile Weapons Level 1  
  110  7:00  Extractor, Drone x11  
  116  7:01  Extractor  
  108  7:28  Drone  
  108  7:29  Drone x2  
  111  7:39  Drone x11  
  111  7:41  Glial Reconstitution  
  111  7:42  Hatchery  
  120  8:10  Drone  
  120  8:11  Drone x2  
  121  8:19  Roach x7  
  135  8:20  Overlord x8  
  135  8:22  Unknown  
  114  8:50  Roach x12  
  138  8:56  Zerg Ground Armor Level 2, Zerg Missile Weapons Level 2  
  138  9:03  Spire  
  137  9:13  Ravager x6  
  143  9:23  Hatchery  
  142  9:24  Overlord  
  142  9:25  Tunneling Claws  
  142  9:26  Burrow  
  142  9:28  Roach x2  
  135  9:52  Queen  
  137  9:58  Roach x13  
  157  10:07  Spore Crawler  
  155  10:14  Drone x10  
  155  10:15  Drone x2  
  160  10:36  Drone x4  
  160  10:37  Drone x6  
  167  10:43  Queen  
  167  10:46  Drone x2  
  167  10:47  Drone x3  
  167  10:49  Ravager x2  
  171  11:00  Queen x3  
  168  11:16  Roach x5  
  168  11:17  Roach x3  
  170  11:32  Queen  
  170  11:34  Roach x3  
  170  11:35  Roach x2, Infestation Pit  
  170  11:37  Roach  
  170  11:38  Roach x16  
  185  11:55  Roach x3  
  185  11:56  Roach x8  
  199  12:04  Roach x2  
  197  12:13  Hive  
  189  12:19  Roach  
  189  12:20  Roach x10  
  173  12:38  Overseer  
  173  12:41  Drone  
  173  12:42  Drone x3  
  173  12:43  Drone x4  
  173  12:44  Drone  
  178  12:49  Roach x11  
  171  13:18  Roach  
  171  13:19  Roach x23  
  151  13:29  Overseer  
  151  13:31  Roach x7  
  145  13:43  Roach x5  
  145  13:44  Roach  
  148  14:01  Roach x11  
  148  14:18  Viper x3  
  148  14:20  Zerg Ground Armor Level 3, Zerg Missile Weapons Level 3  
  148  14:23  Ravager x2  
  159  14:24  Ravager  
  159  14:27  Queen  
  160  14:38  Hatchery  
  155  14:52  Roach x12  
  187  14:53  Roach x4  
  187  15:12  Roach  
  187  15:13  Overlord  
  189  15:20  Roach, Overlord  
  189  15:21  Roach x3, Overlord x3  
  185  15:22  Roach  
  179  15:31  Ravager x6, Spire  
  179  15:34  Roach x4  
  180  15:46  Unknown  
  169  15:50  Roach  
  169  15:51  Roach x12  
  195  16:01  Drone  
  195  16:02  Drone x3  
  195  16:03  Drone  
  130  16:27  Roach x9  
  130  16:28  Roach x12  
  152  16:40  Roach x3  
  152  16:41  Roach x4  
  147  16:59  Roach  
  147  17:00  Roach x5  
  131  17:08  Roach x5  
  131  17:09  Ravager x7  
  114  17:31  Roach  
  114  17:32  Roach x7  
  99  17:40  Roach x2  
  99  17:41  Roach x5  
  96  18:08  Roach x3  
  92  18:18  Hatchery  
Show
View Real Time Build Order
Export as new Build Order

lIlIlIlIlIlI Terran - Winner!

Build Orders: Gas First Reaper Expand 

Get SALT Encoding   

  12  0:01  SCV  
  13  0:13  SCV  
  14  0:18  Supply Depot  
  14  0:25  SCV  
  15  0:30  Refinery  
  15  0:39  SCV  
  16  0:45  Barracks  
  16  0:51  SCV  
  17  1:04  SCV  
  18  1:16  SCV  
  19  1:31  Orbital Command  
  19  1:32  Reaper  
  20  1:43  Command Center  
  20  1:54  Factory  
  20  1:58  SCV  
  21  2:08  Barracks Reactor, Supply Depot  
  21  2:12  SCV  
  22  2:23  Refinery  
  22  2:24  SCV  
  23  2:36  SCV  
  24  2:48  SCV, Starport  
  25  2:56  Orbital Command  
  25  2:59  Hellion  
  25  3:01  Hellion, SCV  
  30  3:13  SCV  
  31  3:20  Hellion  
  31  3:22  Hellion  
  31  3:24  SCV  
  31  3:25  SCV  
  31  3:26  Viking  
  39  3:33  Fusion Core  
  39  3:35  Barracks Tech Lab  
  39  3:39  SCV x2  
  41  3:44  Supply Depot  
  41  3:51  SCV  
  41  3:52  SCV  
  43  4:03  SCV  
  44  4:10  Command Center  
  44  4:12  SCV  
  44  4:15  SCV  
  46  4:21  Advanced Ballistics  
  46  4:24  Refinery, SCV  
  46  4:25  Liberator  
  46  4:26  Supply Depot  
  46  4:28  SCV  
  48  4:36  SCV  
  48  4:37  Refinery, Liberator  
  48  4:40  SCV  
  52  4:48  SCV, Supply Depot  
  53  4:53  SCV  
  57  5:00  SCV, Supply Depot  
  57  5:05  SCV, Supply Depot  
  59  5:07  Liberator  
  59  5:12  SCV  
  60  5:14  Engineering Bay x2  
  60  5:17  SCV  
  61  5:22  Stimpack  
  61  5:23  Barracks  
  61  5:24  SCV  
  61  5:26  Orbital Command  
  65  5:29  SCV  
  66  5:40  SCV, Factory Reactor  
  67  5:46  Terran Infantry Weapons Level 1  
  67  5:47  Terran Infantry Armor Level 1  
  67  5:49  SCV, Barracks  
  68  5:50  Barracks  
  68  5:52  SCV  
  69  5:57  Barracks  
  69  6:00  Marine  
  69  6:01  SCV  
  69  6:03  Rapid Reignition System  
  71  6:04  SCV  
  71  6:09  SCV  
  73  6:12  Supply Depot  
  73  6:13  SCV  
  73  6:14  Medivac x2  
  78  6:19  SCV  
  78  6:24  Orbital Command  
  78  6:25  SCV  
  80  6:28  Factory Reactor  
  80  6:29  Marine x3  
  80  6:31  SCV  
  84  6:36  Supply Depot  
  84  6:37  SCV  
  84  6:39  Supply Depot  
  85  6:43  SCV  
  85  6:44  Medivac, Barracks Reactor  
  85  6:46  Barracks Reactor  
  85  6:47  Marine x2  
  88  6:48  Supply Depot x2  
  88  6:49  SCV  
  87  6:54  Marine, SCV  
  87  6:55  Marine  
  89  7:05  SCV  
  89  7:06  Marine x2  
  89  7:08  SCV  
  92  7:12  Marine x2  
  93  7:17  SCV  
  94  7:23  Marine  
  94  7:24  Marine  
  94  7:27  Marine x2  
  94  7:28  Marine  
  98  7:30  Marine, SCV x2  
  98  7:33  Armory  
  98  7:34  Marine  
  102  7:38  Combat Shield  
  102  7:39  Medivac x2  
  102  7:41  Marine x2  
  108  7:45  Marine  
  108  7:48  Orbital Command  
  109  7:54  Marine x4  
  109  7:56  Marine x2  
  115  8:02  Marine x2  
  115  8:03  Marine  
  118  8:09  SCV x2  
  118  8:11  Factory Tech Lab  
  118  8:12  Marine x3, Factory  
  120  8:15  Marine, SCV  
  120  8:16  Marine  
  123  8:21  SCV  
  123  8:22  SCV  
  123  8:23  Marine x3  
  123  8:24  Supply Depot  
  123  8:26  Marine, Supply Depot  
  129  8:27  SCV  
  129  8:34  SCV  
  131  8:37  Marine x2  
  131  8:38  Marine x2  
  131  8:39  Marine  
  136  8:41  Marine  
  134  8:49  Marine x3  
  134  8:51  SCV x3  
  134  8:55  Marine x2  
  140  8:56  Marine x2  
  140  8:57  Siege Tank, Marine  
  140  8:58  Factory Tech Lab  
  140  8:59  Terran Infantry Weapons Level 2, Terran Infantry Armor Level 2, Supply Depot  
  140  9:00  Terran Vehicle Weapons Level 1  
  148  9:03  SCV x2  
  148  9:06  Refinery, Medivac  
  148  9:07  Refinery, Command Center  
  152  9:12  Marine x3  
  152  9:13  Marine  
  156  9:21  Siege Tank  
  159  9:29  Siege Tank  
  161  9:41  Marine x4  
  161  9:45  Marine  
  165  9:46  Marine  
  165  9:53  Marine  
  165  9:55  Marine  
  165  9:56  Marine, Supply Depot, Barracks  
  165  9:57  Supply Depot  
  165  9:58  Barracks  
  165  9:59  Barracks  
  155  10:16  Marine x2  
  155  10:17  Marine x4  
  155  10:20  Marine x3  
  155  10:21  Siege Tank x2  
  164  10:25  Supply Depot  
  164  10:34  Marine x3  
  164  10:35  Marine  
  165  10:37  Marine x2  
  165  10:38  Marine  
  165  10:39  Medivac, Marine x2  
  165  10:40  Medivac  
  174  10:51  Barracks Tech Lab x3  
  174  10:52  Marine x2  
  174  10:53  Siege Tank x2  
  168  11:18  Marine x9  
  167  11:25  Terran Infantry Weapons Level 3, Terran Infantry Armor Level 3  
  167  11:28  Marauder x3, Concussive Shells  
  173  11:36  Marine x3  
  173  11:37  Marauder  
  176  11:43  Supply Depot  
  176  11:44  Missile Turret  
  176  11:45  Marine x3  
  175  11:48  SCV  
  175  11:49  SCV x2  
  175  11:50  Marauder x2  
  175  11:52  Missile Turret  
  182  11:55  Planetary Fortress  
  182  11:56  Marine x2  
  182  12:01  SCV x3  
  174  12:08  Marine x2  
  167  12:09  Missile Turret  
  169  12:16  Missile Turret  
  169  12:17  Marine x2  
  169  12:22  Marauder x2  
  162  12:27  Marine x3  
  160  12:30  SCV x3  
  162  12:40  Missile Turret  
  162  12:42  SCV x2  
  162  12:43  SCV  
  165  12:48  Marine x2  
  165  12:49  Marine x4, Marauder x2  
  165  12:50  Marauder x2  
  179  12:54  SCV  
  179  12:55  SCV x2  
  182  13:01  Terran Vehicle Weapons Level 2  
  182  13:05  Supply Depot  
  182  13:11  Marauder  
  124  13:27  Marine x2  
  124  13:28  Medivac, Marine x2, Marauder x3  
  124  13:29  Medivac, Siege Tank  
  124  13:30  Siege Tank  
  136  13:40  Marine x4  
  136  13:41  Marauder  
  142  13:45  Marine x2  
  144  13:50  Marauder x3  
  144  13:56  Liberator x2  
  124  14:09  Marine x4  
  119  14:10  Marauder  
  119  14:11  Marauder x2  
  119  14:14  Siege Tank x2  
  136  14:23  Marine x2  
  136  14:24  Marine, Marauder  
  142  14:31  Marauder, Marine x2  
  142  14:32  Marauder x2  
  140  14:41  SCV x3  
  143  14:46  Siege Tank x2, Marine x2  
  143  14:47  Marauder  
  143  14:48  Liberator x2  
  151  14:53  SCV x2  
  151  14:58  Marine x2  
  151  14:59  Marine, Marauder x2  
  166  15:18  Marine x3  
  166  15:19  Marauder x2  
  165  15:29  Marine x2  
  165  15:30  Marauder  
  165  15:31  Liberator  
  169  15:42  Marine, Marauder  
  170  15:44  Liberator  
  170  15:48  SCV x3  
  170  16:00  SCV x3  
  170  16:03  Siege Tank x2  
  163  16:24  Marine x3  
  163  16:25  Marine x2, Marauder x4  
  151  16:29  Marine  
  151  16:30  Marine x2  
  151  16:31  Medivac  
  154  16:44  Medivac  
  156  16:48  Marine  
  156  16:49  Marine x3, Marauder x2  
  156  16:50  Marauder  
  156  16:52  Marine x2  
  156  16:53  Marauder  
  168  16:56  Marine  
  157  17:07  Marine  
  157  17:08  Marine  
  157  17:11  Medivac, Marauder x2  
  157  17:13  Marauder  
  126  17:38  Marine  
  126  17:39  Marine, Marauder x2  
  132  17:51  SCV x2  
  131  18:03  Marine, SCV x2  
  131  18:04  Marauder  
  133  18:12  Marine x2  
Tags
 
Add a new tag
Caveats
  • Supply blocks, unpowered buildings, or Contaminate may cause inaccurate times.
  • Supply counts are checked every 10 seconds.